 Dungeon Crawl Stone Soup version 0.30-a0-385-gfebfb9b408 (webtiles) character file.

Game seed: 6818858999112656387

2211950 Twinkles the Conqueror (level 27, 249/249 HPs)
             Began as a Merfolk Gladiator on Dec 1, 2022.
             Was the Champion of Nemelex Xobeh.
             Escaped with the Orb
             ... and 4 runes on Dec 3, 2022!
             The game lasted 08:59:53 (80143 turns).

Twinkles the Conqueror (Merfolk Gladiator)         Turns: 80143, Time: 08:59:53

Health: 249/249    AC: 18    Str: 14    XL:     27
Magic:  40/40      EV: 36    Int:  6    God:    Nemelex Xobeh [******]
Gold:   6670       SH: 29    Dex: 34    Spells: 24/26 levels left

rFire   + + .      SeeInvis +    a - +10 double sword "Undertaker" {vorpal, Fly Will+}
rCold   + . .      Faith    .    L - +4 tower shield "Suaqu" {Rampage rC+}
rNeg    . . .      Spirit   .    h - +3 salamander hide armour {Flames rF++ rC--}
rPois   +          Reflect  .    W - +2 helmet {SInv}
rElec   +          Harm     .    q - +2 cloak {rF+}
rCorr   +          Rampage  +    c - +0 pair of fencer's gloves {Riposte Dex+3}
Will    ++++.                    g - +0 pair of boots "Wacrofea" {rF- rC+ Regen+}
Stlth   +++++.....               n - amulet of the Final Decision {Acrobat rElec}
HPRegen 1.41/turn                Z - ring of Shadows {Umbra +Inv Stlth+}
MPRegen 0.27/turn                k - ring of Nuk Ukh {rPois rC+ Will+ rCorr}

@: flying, wreathed by umbra, studying Short Blades
A: (nimble swimmer 2), mertail, claws 1, agile 1, weak 1, sturdy frame 1
0: Orb of Zot
}: 4/15 runes: serpentine, barnacled, slimy, silver
a: Renounce Religion, Evoke Invisibility, Draw Escape, Draw Destruction, Draw
Summoning, Draw Stack, Triple Draw, Deal Four, Stack Five


You escaped.
You worshipped Nemelex Xobeh.
Nemelex Xobeh was exalted by your worship.
You visited 12 branches of the dungeon, and saw 56 of its levels.
You also visited: Bailey, Gauntlet, Ice Cave and Volcano.

You collected 14453 gold pieces.
You spent 7783 gold pieces at shops.

Inventory:

Hand Weapons
 a - the +10 double sword "Undertaker" (weapon) {vorpal, Fly Will+}
   (You found it on level 1 of the Realm of Zot)

   It inflicts extra damage upon your enemies.
   Fly:       It grants you flight.
   Will:      It increases your willpower.
 b - the +5 sling "Fiduo" {freeze, +Blink rN+ Stlth+}
   (You found it in an ice cave)

   Any ammunition fired from it freezes those it strikes, dealing additional
   cold damage.
   It can also slow down cold-blooded creatures.
   rN:        It protects you from negative energy.
   +Blink:    It lets you blink.
   Stlth:     It makes you more stealthy.
 e - a +9 double sword of freezing
 u - a +9 antimagic quick blade
 B - the +9 sword of Zonguldrok {reap}
   (You acquired it on level 5 of the Vaults)

   Any living foe damaged by it may be reanimated upon death as a zombie
   friendly to the wielder, with an increasing chance as more damage is dealt.
 Q - the +5 double sword of the Shimmering Saviour {holy, rElec Str+3}
   (You bought it in a shop on level 2 of the Elven Halls)

   It has been blessed by the Shining One to cause great damage to the undead
   and demons.
   Str:       It affects your strength (+3).
   rElec:     It insulates you from electricity.
Missiles
 f - 21 javelins
 i - 6 curare-tipped darts
 j - 21 atropa-tipped darts
 o - 6 silver javelins (quivered)
 s - 11 throwing nets
Armour
 c - the +0 pair of fencer's gloves (worn) {Riposte Dex+3}
   (You found it on level 4 of the Depths)

   It allows the wearer to riposte with melee weapons, swiftly retaliating
   against missed or blocked melee attacks.
   Dex:       It affects your dexterity (+3).
 g - the +0 pair of boots "Wacrofea" (worn) {rF- rC+ Regen+}
   (You bought it in a shop on level 8 of the Dungeon)

   rF:        It makes you vulnerable to fire.
   rC:        It protects you from cold.
   Regen:     It increases your rate of health regeneration.
 h - the +3 salamander hide armour (worn) {Flames rF++ rC--}
   (You bought it in a shop on level 7 of the Dungeon)

   It surrounds you with a cloud of flames.
   It grants immunity to clouds of flame.
   It enhances your fire magic.
   rF:        It greatly protects you from fire.
   rC:        It makes you very vulnerable to cold.
 q - a +2 cloak of fire resistance (worn)
 L - the +4 tower shield "Suaqu" (worn) {Rampage rC+}
   (You found it on level 5 of the Pits of Slime)

   rC:        It protects you from cold.
   Rampage:   It bestows one free step when moving towards enemies.
 W - a +2 helmet of see invisible (worn)
Jewellery
 k - the ring of Nuk Ukh (right hand) {rPois rC+ Will+ rCorr}
   (You found it on level 5 of the Vaults)

   [ring of willpower]

   rC:        It protects you from cold.
   rPois:     It protects you from poison.
   rCorr:     It protects you from acid and corrosion.
   Will:      It increases your willpower.
 n - the amulet of the Final Decision (around neck) {Acrobat rElec}
   (You found it in an ice cave)

   [amulet of the acrobat]

   It increases your evasion while moving and waiting.
   rElec:     It insulates you from electricity.
 p - a +4 ring of protection
 x - the ring "Kaummy" {AC+4 Str+4 Int-3 Dex+4}
   (You took it off a vault guard on level 5 of the Vaults)

   [ring of protection]

   AC:        It affects your AC (+4).
   Str:       It affects your strength (+4).
   Int:       It affects your intelligence (-3).
   Dex:       It affects your dexterity (+4).
 V - the ring of Sotus {Fly rF+ Will+ Str-2}
   (You found it on level 5 of the Pits of Slime)

   [ring of flight]

   Str:       It affects your strength (-2).
   rF:        It protects you from fire.
   Fly:       It grants you flight.
   Will:      It increases your willpower.
 Z - the ring of Shadows (left hand) {Umbra +Inv Stlth+}
   (You found it on level 1 of the Realm of Zot)

   [ring of stealth]

   It surrounds you with an aura of shadow, increasing your stealth and reducing
   the accuracy of all others within it.
   +Inv:      It lets you turn invisible.
   Stlth:     It makes you more stealthy.
Wands
 d - a wand of digging (13)
 r - a wand of roots (45)
 t - a wand of quicksilver (26)
 y - a wand of mindburst (29)
Scrolls
 D - 11 scrolls of blinking
 E - 7 scrolls of fear
 F - 6 scrolls of fog
 K - 12 scrolls of immolation
 O - a scroll of silence
 S - 7 scrolls of summoning
 Y - 21 scrolls of teleportation
Potions
 A - 12 potions of attraction
 C - 11 potions of cancellation
 G - 3 potions of ambrosia
 H - 11 potions of haste
 I - 2 potions of invisibility
 J - 28 potions of curing
 M - 5 potions of might
 N - 21 potions of heal wounds
 P - 8 potions of lignification
 R - 5 potions of resistance
 T - 2 potions of berserk rage
 U - 12 potions of mutation
Miscellaneous
 l - a condenser vane
 m - a phantom mirror
 v - a lightning rod (4/4)
 w - a phial of floods
 z - a box of beasts


   Skills:
 O Level 27 Fighting
 - Level 16.0 Long Blades
 - Level 20.0 Throwing
 - Level 15.0 Armour
 - Level 20.0 Dodging
 - Level 20.0 Stealth
 - Level 16.8 Shields
 + Level 9.8 Translocations
 O Level 27 Invocations
 - Level 8.0 Evocations


You had 24 spell levels left.
You knew the following spells:

 Your Spells              Type           Power      Damage    Failure   Level
a - Blink                 Tloc           22%        N/A       4%          2

Your spell library contained the following spells:

 Spells                   Type           Power      Damage    Failure   Level
 Manifold Assault         Tloc           11%        N/A       28%         4
 Passage of Golubria      Tloc           11%        N/A       28%         4
 Portal Projectile        Hex/Tloc       10%        N/A       54%         3
 Vhi's Electric Charge    Tloc/Air       10%        N/A       54%         3
 Kindle Blastsparks       Fire/Tloc/Air  10%        2d10      77%         3
 Foxfire                  Conj/Fire      0%         2x1d4     83%         1
 Freeze                   Ice            0%         1d3       83%         1
 Kiss of Death            Conj/Necr      0%         2d5       83%         1
 Magic Dart               Conj           0%         1d3       83%         1
 Necrotise                Necr           0%         1d4       83%         1
 Sandblast                Erth           0%         2d4       83%         1
 Shock                    Conj/Air       0%         1d3       83%         1
 Slow                     Hex            0%         N/A       83%         1
 Sting                    Tmut/Pois      0%         1d3       83%         1
 Iskenderun's Mystic Bla  Conj/Tloc      5%         2d3       91%         4
 Call Imp                 Summ           0%         N/A       93%         2
 Cigotuvi's Dreadful Rot  Necr/Pois/Air  0%         N/A       93%         2
 Ensorcelled Hibernation  Hex/Ice        0%         N/A       93%         2
 Passwall                 Tmut/Erth      0%         N/A       93%         2
 Static Discharge         Conj/Air       0%         2-2/arc   93%         2
 Confusing Touch          Hex            0%         N/A       99%         3
 Dazzling Flash           Conj/Hex       0%         N/A       99%         3
 Frozen Ramparts          Ice            0%         1d1       99%         3
 Hailstorm                Conj/Ice       0%         3d3       99%         3
 Ignite Poison            Fire/Tmut/Pois 0%         N/A       99%         3
 Inner Flame              Hex/Fire       0%         N/A       99%         3
 Mephitic Cloud           Conj/Pois/Air  0%         N/A       99%         3
 Ozocubu's Armour         Ice            0%         N/A       99%         3
 Stone Arrow              Conj/Erth      0%         3d7       99%         3
 Swiftness                Air            0%         N/A       99%         3
 Tukima's Dance           Hex            0%         N/A       99%         3
 Vampiric Draining        Necr           0%         2d6       99%         3
 Summon Forest            Summ/Tloc      2%         N/A       99%         5
 Airstrike                Air            0%         2d(0-16)  100%        4
 Anguish                  Hex/Necr       0%         N/A       100%        4
 Animate Dead             Necr           0%         N/A       100%        4
 Cause Fear               Hex            0%         N/A       100%        4
 Dispel Undead            Necr           0%         3d6       100%        4
 Fulminant Prism          Conj/Hex       0%         3d5       100%        4
 Ice Form                 Ice/Tmut       0%         N/A       100%        4
 Leda's Liquefaction      Hex/Erth       0%         N/A       100%        4
 Olgreb's Toxic Radiance  Pois           0%         N/A       100%        4
 Petrify                  Tmut/Erth      0%         N/A       100%        4
 Summon Ice Beast         Ice/Summ       0%         N/A       100%        4
 Summon Lightning Spire   Summ/Air       0%         N/A       100%        4
 Agony                    Necr           0%         N/A       100%        5
 Alistair's Intoxication  Tmut/Pois      0%         N/A       100%        5
 Arcjolt                  Conj/Air       0%         1d10      100%        5
 Borgnjor's Vile Clutch   Necr/Erth      0%         N/A       100%        5
 Fireball                 Conj/Fire      0%         3d3       100%        5
 Freezing Cloud           Conj/Ice/Air   0%         6-21      100%        5
 Lee's Rapid Deconstruct  Erth           0%         3d4*      100%        5
 Lightning Bolt           Conj/Air       0%         1d11      100%        5
 Metabolic Englaciation   Hex/Ice        0%         N/A       100%        5
 Silence                  Hex/Air        0%         N/A       100%        5
 Summon Mana Viper        Hex/Summ       0%         N/A       100%        5
 Yara's Violent Unravell  Hex/Tmut       0%         3d3       100%        5
 Conjure Ball Lightning   Conj/Air       0%         3x3d7     100%        6
 Death Channel            Necr           0%         N/A       100%        6
 Eringya's Noxious Bog    Tmut/Pois      0%         N/A       100%        6
 Iron Shot                Conj/Erth      0%         9d1       100%        6
 Simulacrum               Ice/Necr       0%         N/A       100%        6
 Starburst                Conj/Fire      0%         6d3       100%        6
 Statue Form              Tmut/Erth      0%         N/A       100%        6
 Summon Cactus Giant      Summ           0%         N/A       100%        6
 Dragon Form              Tmut           0%         N/A       100%        7
 Enfeeble                 Hex            0%         N/A       100%        7
 Haunt                    Necr/Summ      0%         N/A       100%        7
 Malign Gateway           Summ/Tloc      2%         N/A       100%        7
 Monstrous Menagerie      Summ           0%         N/A       100%        7
 Ozocubu's Refrigeration  Ice            0%         4d7       100%        7
 Storm Form               Tmut/Air       0%         N/A       100%        7
 Summon Hydra             Summ           0%         N/A       100%        7
 Discord                  Hex            0%         N/A       100%        8
 Ignition                 Fire           0%         3d3       100%        8
 Infestation              Necr           0%         N/A       100%        8
 Lehudib's Crystal Spear  Conj/Erth      0%         10d2      100%        8
 Maxwell's Capacitive Co  Air            0%         ∞         100%        8
 Necromutation            Tmut/Necr      0%         N/A       100%        8
 Summon Horrible Things   Summ           0%         N/A       100%        8
 Chain Lightning          Conj/Air       0%         N/A       100%        9
 Fire Storm               Conj/Fire      0%         5d1       100%        9
 Shatter                  Erth           0%         3d5*      100%        9


Dungeon Overview and Level Annotations

Branches:
Dungeon (15/15)            Temple (1/1) D:4            Lair (5/5) D:9
 Shoals (4/4) Lair:2        Snake (4/4) Lair:2        Slime (5/5) Lair:5
    Orc (2/2) D:11            Elf (3/3) Orc:2        Vaults (5/5) D:14
  Crypt (3/3) Vaults:3       Tomb (0/3) Crypt:3      Depths (4/4) D:15
    Zot (5/5) Depths:4     Bailey (visited)           IceCv (visited)
Volcano (visited)         Gauntlet (visited)

Altars:
Ashenzari
Cheibriados
Dithmenos
Elyvilon
Fedhas
Gozag
Hepliaklqana
Kikubaaqudgha
Makhleb
Nemelex Xobeh
Okawaru
Qazlal
Ru
Sif Muna
Trog
Uskayaw
Vehumet
Wu Jian
Xom
Yredelemnul
Zin
The Shining One
Jiyva

Shops:
D:3 [   D:7 [!?[   D:8 [   D:9 :   D:10 *   D:15 *   Orc:1 ?   Orc:2 =[[*(
Elf:2 !(:   Snake:3 ?::(*   Vaults:1 =   Vaults:4 :   Depths:2 =:=

Portals:
Hell: Depths:1 Depths:2 Depths:3 Depths:4
Abyss: D:14 Depths:2 Depths:3 Depths:4
Pandemonium: Depths:2 Depths:3
Ziggurat: Depths:2
Trove: D:13 (give 13 scrolls of teleportation)

Annotations:
Zot:1 4 transporters
Zot:3 exclusion: 3 doors


Innate Abilities, Weirdness & Mutations

((You are very nimble when in or above water. (Stealth+, EV+, Speed+++)))
Your lower body shifts to a powerful aquatic tail in water.
You have sharp fingernails.
You are agile. (Dex +4, Str/Int -1)
You are weak. (Str -2)
Your movements are slightly less encumbered by armour. (ER -2)


Message History

The ice devil is engulfed in blazing flames.
You block the ice devil's attack.
You slash the ice devil!
The ice devil is severely wounded.
The ice devil is engulfed in blazing flames.
You block the ice devil's attack.
You slice the ice devil!!
You kill the ice devil!
(D) Dungeon (T) Temple (L) Lair (A) Shoals (P) Snake Pit (M) Slime Pits (O) Orcish Mines (E) Elven Halls (V) Vaults (C) Crypt (W) Tomb (U) Depths (H) Hell (Z) Zot
Where to? (Enter - D:1 @ (x,y), ? - help)
What level of the Dungeon? (default 1, ? - help)
There is a stone staircase leading up here.
You fly upwards.
There is a stone staircase leading down here.
There is a stone staircase leading up here.
You fly upwards.
There is a stone staircase leading down here.
Your extra speed is starting to run out.
There is an escape hatch in the ceiling here.
A mysterious force pulls you upwards. The hatch slams shut behind you.
You feel yourself slow down.
(D) Dungeon (T) Temple (L) Lair (A) Shoals (P) Snake Pit (M) Slime Pits (O) Orcish Mines (E) Elven Halls (V) Vaults (C) Crypt (W) Tomb (U) Depths (H) Hell (Z) Zot
Where to? (Enter - D:1 @ (x,y), ? - help)
What level of the Dungeon? (default 1, ? - help)
There is a stone staircase leading up here.
You fly upwards.
There is a stone staircase leading down here.
There is a staircase leading out of the dungeon here.
Okay, then.
Unknown command.
Okay, then.
Unknown command.
Unknown command.
You have escaped!

#.##..######.### #... #.#...#
#..# #... #.#..## ##.# #...
#.#>.# #.## #... #.#..# ##.#
#... #.#..#######.## #...
#.#...#.#○###.# #...
#.#..#.#.#○#○## #...
#....######@###### #...
##...# ##.#○#.#.### ####
##..# #.###[#.#..# #..#
##.#######.# ###..# #.## #.#
#....# ##.# #.# #####
#....####.########.#####....
##...................##...##.
#.....##.......#.#.......###.


There were no monsters in sight!

Vanquished Creatures
  the Royal Jelly (Slime:5)
  Dissolution (Slime:2)
  3 dread liches
  4 orbs of fire
  3 ancient liches
  A juggernaut (Depths:1)
  The ghost of Buusaloph the Wrestler, a veteran TrCK of Xom (Zot:2)
  Sojobo (Crypt:1)
  Boris (4 times) (Vaults:3 Depths:3 Crypt:2 Crypt:3)
  Bai Suzhen (Depths:1)
  5 Killer Klowns (Zot:5)
  14 golden dragons
  5 caustic shrikes
  Xtahua (Vaults:3)
  Jory (Crypt:3)
  A profane servitor (Crypt:3)
  4 bone dragons
  An iron giant (Zot:2)
  A Tzitzimitl (D:8)
  3 electric golems
  3 Hell Sentinels
  Jorgrun (D:15)
  The ghost of Hobutago the Black Belt, an adept DsBe of Trog (Depths:1)
  19 tentacled monstrosities
  A walking earthen tome (Depths:1)
  2 titans (Vaults:5)
  Zenata (Vaults:1)
  3 deep elf blademasters (Elf:3)
  26 Orb Guardians
  5 liches
  A kraken (Shoals:1)
  13 quicksilver dragons
  18 acid blobs
  2 ancient champions
  13 storm dragons
  6 death cobs
  3 deep elf master archers (Elf:3)
  A tentacled starspawn (D:14)
  8 sphinxes
  9 tengu reavers
  The ghost of Ehoarro the Peltast, an adept MiFi of the Shining One (Snake:2)
  14 shadow dragons
  2 revenants
  10 rockslimes
  Roxanne (Snake:2)
  Kirke (D:14)
  2 draconian monks
  13 azure jellies
  6 nagarajas
  3 draconian knights
  9 fire giants
  A fenstrider witch (Depths:3)
  4 deep elf sorcerers (Elf:3)
  Aizul (Snake:4)
  2 ghost moths
  2 balrugs (Depths:1)
  8 vault wardens
  2 cacodemons
  8 draconian scorchers
  3 deep elf elementalists
  8 draconian shifters
  2 draconian stormcallers
  A reaper (Crypt:2)
  9 frost giants
  3 spriggan defenders
  4 draconian annihilators
  32 very ugly things
  2 ghouls
  An orc warlord (D:14)
  15 stone giants
  18 ironbound preservers
  10 quicksilver oozes
  6 ironbound thunderhulks
  12 green draconians
  6 deep elf demonologists
  3 war gargoyles
  9 yellow draconians
  13 vampire knights
  11 black draconians
  19 red draconians
  18 dire elephants
  Azrael (Snake:1)
  15 white draconians
  A lorocyproca (Zot:5)
  9 purple draconians
  The ghost of Seafoe the Spear-Bearer, a journeyman MiBe of Trog (Orc:1)
  10 deep elf annihilators
  An eidolon (Crypt:1)
  5 spark wasps
  10 deep elf death magi
  3 crystal guardians
  A green death (Zot:5)
  11 fire dragons
  17 ettins
  2 entropy weavers
  3 merfolk javelineers (Shoals:4)
  6 merfolk impalers
  7 deep elf high priests
  11 yaktaur captains
  The ghost of Efuan the Cleaver, a journeyman MiFi of Okawaru (D:12)
  7 hydras
  27 jiangshi
  Josephine (D:14)
  Harold (D:11)
  6 rakshasas
  9 great orbs of eyes
  A hell beast (Zot:2)
  Fannar (D:10)
  6 salamander tyrants
  28 vault guards
  5 ogre magi
  A fenstrider witch zombie (Crypt:1)
  The ghost of Geacs the Basher, a journeyman GnWn of Qazlal (D:14)
  2 merfolk avatars
  3 spriggan air magi (Depths:1)
  A catoblepas (Lair:5)
  4 peacekeepers
  7 ironbound frosthearts
  7 anacondas
  9 ice dragons
  Erica (D:10)
  9 death knights
  The ghost of SirDiesAlot the Fencer, a journeyman DgFE (D:11)
  9 boulder beetles
  5 satyrs
  35 dancing weapons
  7 two-headed ogres
  14 centaur warriors
  12 death yaks
  7 merfolk aquamancers
  11 deep troll shamans
  7 tengu warriors
  2 alligator snapping turtles (Shoals:3)
  16 naga warriors
  8 vampire magi
  3 orc high priests
  4 spriggan berserkers
  7 deep troll earth magi
  9 naga sharpshooters
  8 shock serpents
  Sonja (Lair:3)
  4 soul eaters
  15 deep elf knights
  A sun demon (Depths:1)
  6 hell knights
  2 salamander mystics
  A fire crab (Gauntlet)
  A shadow wraith (Crypt:3)
  Amaemon (Lair:2)
  5 iron trolls
  A death drake (Depths:2)
  8 large abominations (Depths:2)
  Lodul (D:13)
  8 flayed ghosts
  5 glowing orange brains
  A steelbarb worm (Lair:5)
  42 skeletal warriors
  19 sea snakes
  A deep troll (shapeshifter) (Depths:2)
  61 deep trolls
  An orange crystal statue (D:12)
  A bog body (Crypt:2)
  15 harpies
  6 deep elf archers
  A shadow dragon zombie (Vaults:5)
  2 lindwurms (shapeshifter) (Vaults:5)
  16 lindwurms
  2 naga ritualists (Snake:4)
  18 phantasmal warriors
  5 wizards
  A sphinx zombie (Vaults:5)
  11 ironbound convokers
  A broodmother zombie (Crypt:1)
  Pikel (D:5)
  29 deep elf pyromancers
  23 deep elf zephyrmancers
  4 necromancers
  13 orc knights
  7 cyclopes
  44 ugly things
  12 mana vipers
  A wolf spider (Depths:2)
  The ghost of NinjaNoafa the Summoner, a novice FeSu of Gozag (Lair:1)
  6 shining eyes
  35 fauns
  23 elephants (Lair:5)
  16 salamanders
  7 orc sorcerers
  34 moths of wrath
  15 manticores
  10 merfolk sirens
  3 toenail golems (Volcano)
  A jorogumo skeleton (Crypt:1)
  A worldbinder (D:14)
  A water nymph (shapeshifter) (Depths:3)
  A black mamba (shapeshifter) (D:13)
  24 vault sentinels
  7 torpor snails
  2 water nymphs
  An apocalypse crab (D:14)
  20 black mambas
  5 guardian serpents
  13 naga magi
  2 gargoyles
  An ice statue (IceCv)
  22 cane toads
  A human zombie (Vaults:5)
  3 smoke demons (Depths:1)
  5 unseen horrors
  A demonic crawler (Depths:3)
  A centaur skeleton (Crypt:3)
  10 rime drakes
  Maggie (D:6)
  15 freezing wraiths
  2 orange demons
  2 tormentors
  30 yaktaurs
  A mana viper zombie (Crypt:2)
  4 komodo dragons
  2 efreet
  3 hellwings
  3 kobold demonologists
  4 ice devils
  3 tengu conjurers
  22 merfolk
  A polar bear (shapeshifter) (Depths:3)
  3 meliai (D:15)
  2 harpy zombies
  4 polar bears
  7 trolls
  5 wind drakes
  A hornet (shapeshifter) (D:11)
  131 slime creatures
  2 red devils
  4 tyrant leeches (Lair:5)
  11 blink frogs
  Grinder (D:6)
  9 hornets
  A raiju (D:14)
  2 tarantellas (Vaults:5)
  A stone giant simulacrum (Crypt:3)
  8 dream sheep
  2 ettin zombies
  62 flying skulls
  10 snapping turtles
  A culicivora (Vaults:5)
  A jumping spider (Vaults:3)
  Sigmund (D:6)
  A spriggan (shapeshifter) (Depths:1)
  A spriggan (Depths:1)
  3 shadows
  A ynoxinul (Depths:1)
  20 wraiths
  A vampire (D:14)
  5 wyverns
  3 air elementals (Elf:3)
  21 water elementals
  A wind drake zombie (Crypt:1)
  33 fire elementals
  7 basilisks
  A basilisk (shapeshifter) (Elf:3)
  6 fire bats (Gauntlet)
  63 yaks
  A human (shapeshifter) (D:15)
  8 vampire mosquitoes
  13 golden eyes
  A hog (D:14)
  A redback (shapeshifter) (Depths:1)
  A redback (Lair:5)
  A chaos spawn (Depths:2)
  3 wargs
  An entropy weaver zombie (Vaults:5)
  55 nagas
  5 acid dragons
  22 water moccasins
  8 small abominations
  9 hell hounds
  2 water nymph skeletons
  A floating eye (Orc:2)
  2 swamp drakes
  2 sky beasts
  37 orc warriors
  A great orb of eyes simulacrum (IceCv)
  17 ogres
  5 black bears
  3 ice beasts
  9 boggarts
  A lindwurm skeleton (Crypt:1)
  13 wolves
  10 centaurs
  2 slime creature simulacra (IceCv)
  An elephant skeleton (Crypt:2)
  7 kobold brigands
  6 earth elementals
  9 bullfrogs
  A gnoll sergeant (D:7)
  7 necrophages
  3 scorpions
  A water moccasin zombie (Crypt:2)
  6 glowing shapeshifter simulacra (IceCv)
  8 wights
  2 spriggan zombies
  2 elephant simulacra (Lair:1)
  11 killer bees
  3 electric eels
  7 howler monkeys
  A jelly (D:3)
  A hound (D:5)
  A gnoll bouda (D:10)
  23 orc priests
  6 iguanas
  29 orc wizards
  17 hell rats
  2 shapeshifter simulacra (IceCv)
  A wolf simulacrum (Lair:1)
  An acid dragon zombie (Crypt:1)
  A tengu skeleton (Crypt:2)
  10 gnolls
  6 adders
  A steam dragon skeleton (Crypt:2)
  2 shadow imps
  3 white imps
  3 worms
  4 dart slugs
  81 orcs
  6 ball pythons
  6 endoplasms
  4 giant cockroaches
  4 goblins (D:1)
  10 hobgoblins
  5 jackals
  4 quokkas
  3 bats
  10 frilled lizards
  16 kobolds
  An orc zombie (Crypt:1)
  7 rats
  A river rat zombie (Crypt:2)
  A starspawn tentacle (D:14)
2682 creatures vanquished.

Vanquished Creatures (collateral kills)
  Vv (Crypt:2)
  4 caustic shrikes
  A golden dragon (Zot:4)
  2 titans (Vaults:5)
  A lich (Crypt:2)
  A tengu reaver (Vaults:5)
  A frost giant (Vaults:5)
  A vault warden (Vaults:2)
  A war gargoyle (Vaults:4)
  A stone giant (Depths:4)
  A purple draconian (Zot:5)
  A minotaur (Gauntlet)
  A merfolk impaler (Shoals:4)
  A yaktaur captain (Vaults:5)
  Erolcha (D:10)
  A sea snake (Shoals:4)
  A flayed ghost (Crypt:2)
  A wizard (Volcano)
  A necromancer (Depths:2)
  An ugly thing (D:15)
  A faun (Shoals:4)
  Edmund (D:6)
  An orc warrior (Bailey)
  2 bullfrogs (D:8)
  3 wights (D:8)
  4 howler monkeys (D:8)
  An iguana (D:6)
  A naga zombie (Crypt:2)
  A gnoll (D:10)
  5 orcs (Bailey)
  3 kobolds (D:8)
47 creatures vanquished.

Vanquished Creatures (others)
  A ghost moth (Zot:4)
  A ghoul (Crypt:2)
  A white draconian (Zot:4)
  A yellow draconian (Zot:4)
  An alligator snapping turtle (Shoals:4)
  A storm dragon zombie (Vaults:5)
  A wizard (D:14)
  A deep elf zephyrmancer (Elf:2)
  A water elemental (Shoals:2)
  An elf zombie (Vaults:5)
  An orc warrior (Bailey)
  A human zombie (Vaults:5)
  An orc wizard (Orc:2)
  An orc (Bailey)
  82 fungi
  537 plants
  2 starspawn tentacles (D:14)
  4 tentacles (Shoals:1)
  4 withered plants (D:14)
643 creatures vanquished.

Grand Total: 3372 creatures vanquished

Notes
Turn   | Place    | Note
-------+----------+-------------------------------------------
     0 | D:1      | Twinkles the Merfolk Gladiator began the quest for the Orb.
     0 | D:1      | Reached XP level 1. HP: 16/16 MP: 1/1
    56 | D:1      | Reached XP level 2. HP: 21/23 MP: 2/2
   105 | D:1      | Reached skill level 1 in Stealth
   311 | D:1      | Reached XP level 3. HP: 28/28 MP: 3/3
   681 | D:2      | You are sucked into a shaft and drop 2 floors!
   690 | D:4      | Found a staircase to the Ecumenical Temple.
   699 | Temple   | Entered the Ecumenical Temple
   799 | Temple   | Became a worshipper of Nemelex Xobeh the Trickster
   825 | D:4      | Reached XP level 4. HP: 29/34 MP: 4/4
  1020 | Temple   | Reached skill level 1 in Invocations
  1112 | Temple   | Reached skill level 5 in Dodging
  1112 | Temple   | Reached XP level 5. HP: 25/41 MP: 5/5
  1198 | D:4      | Found an ancient bone altar of Kikubaaqudgha.
  1206 | D:4      | Found a glowing silver altar of Zin.
  1211 | D:4      | Found a stormy altar of Qazlal.
  1215 | D:4      | Found a transporter.
  1269 | D:3      | HP: 11/41 [something/puff of flame (7)]
  1839 | D:2      | Reached * piety under Nemelex Xobeh
  2215 | D:3      | Received a gift from Nemelex Xobeh
  2403 | D:3      | Found Paicoegg's Antique Armour Shoppe.
  2523 | D:3      | Reached XP level 6. HP: 47/47 MP: 7/7
  2832 | D:4      | Found a shimmering altar of Xom.
  2833 | D:4      | Received a gift from Nemelex Xobeh
  2855 | D:4      | Found a broken altar of Ashenzari.
  2952 | D:3      | Reached skill level 5 in Long Blades
  2995 | D:4      | Reached ** piety under Nemelex Xobeh
  3071 | D:4      | Found a transporter.
  3119 | D:5      | Entered Level 5 of the Dungeon
  3292 | D:5      | Noticed Pikel
  3304 | D:5      | Killed Pikel
  3305 | D:5      | Reached XP level 7. HP: 55/55 MP: 7/9
  3404 | D:5      | Reached XP level 8. HP: 61/61 MP: 10/10
  3444 | D:5      | Reached skill level 5 in Fighting
  3980 | D:5      | Reached skill level 5 in Stealth
  4447 | D:6      | Noticed Prince Ribbit
  4449 | D:6      | Prince Ribbit changed into Prince Ribbit the blink frog
  4449 | D:6      | Noticed Prince Ribbit
  4450 | D:6      | Noticed a ynoxinul
  4453 | D:6      | Identified the -1 hand axe "Buchaut" {vorpal, *Rage rCorr
                  | Int+4}
  4458 | D:6      | Prince Ribbit the blink frog changed into Prince Ribbit the
                  | iguana
  4458 | D:6      | Noticed Prince Ribbit
  4461 | D:6      | Killed Prince Ribbit the iguana
  4555 | D:6      | Noticed Maggie
  4678 | D:6      | Reached *** piety under Nemelex Xobeh
  4785 | D:6      | Noticed Grinder
  4805 | D:6      | Noticed Edmund
  4807 | D:6      | Noticed Sigmund
  4818 | D:6      | Killed Edmund
  4833 | D:6      | Killed Sigmund
  4834 | D:6      | Reached skill level 5 in Invocations
  4834 | D:6      | Reached XP level 9. HP: 59/69 MP: 12/12
  5431 | D:7      | Found Lomm's Distillery.
  5435 | D:7      | Bought a potion of curing for 45 gold pieces
  5435 | D:7      | Bought a potion of heal wounds for 75 gold pieces
  5470 | D:7      | Found a white marble altar of Elyvilon.
  5516 | D:7      | Found a shadowy altar of Dithmenos.
  5541 | D:7      | Found Fiomar's Armour Shop.
  5619 | D:6      | Killed Grinder
  6345 | D:7      | Found a blossoming altar of Fedhas.
  6788 | D:7      | Received a gift from Nemelex Xobeh
  6823 | D:7      | Found Caemn's Magic Scroll Emporium.
  6831 | D:7      | Bought a scroll of identify for 22 gold pieces
  6833 | D:7      | Bought a scroll of identify for 22 gold pieces
  6833 | D:7      | Bought a scroll of identify for 22 gold pieces
  7002 | D:7      | Found Gej Dymi's Armour Shop.
  7337 | D:8      | Reached XP level 10. HP: 69/79 MP: 14/14
  7576 | D:8      | Found a hazy altar of Hepliaklqana.
  7804 | D:8      | Found Qeutt's Antique Armour Boutique.
  8124 | D:9      | Noticed a kobold demonologist
  8138 | D:9      | Reached **** piety under Nemelex Xobeh
  8139 | D:9      | Received a gift from Nemelex Xobeh
  8229 | D:9      | Found a flagged portal.
  8243 | Bailey   | Entered a bailey
  8254 | Bailey   | Identified the -1 long sword "Sallal" {vorpal, rPois}
  8396 | Bailey   | Noticed an orc knight
  8419 | Bailey   | Killed an orc knight
  8515 | Bailey   | Noticed an orc knight
  8519 | Bailey   | Identified the +0 hand axe of Youthful Indiscretion
                  | {protect, Contam rElec Will++ Str-3}
  8534 | Bailey   | an orc knight changed into a moth of wrath
  8534 | Bailey   | Noticed a moth of wrath
  8538 | Bailey   | Killed a moth of wrath
  8607 | Bailey   | Noticed an orc knight
  8627 | Bailey   | Killed an orc knight
  8628 | Bailey   | Reached skill level 10 in Dodging
  8765 | D:9      | Found Ismivok's Self-Improvement Boutique.
  8940 | D:9      | Found a shimmering blue altar of Sif Muna.
  8978 | D:9      | Reached XP level 11. HP: 86/86 MP: 16/16
  9133 | D:7      | Bought the +3 salamander hide armour {Flames rF++ rC--} for
                  | 448 gold pieces
  9133 | D:7      | Found the +3 salamander hide armour {Flames rF++ rC--}
  9318 | D:9      | Found a staircase to the Lair.
  9329 | D:9      | Noticed a two-headed ogre
  9631 | D:9      | Received a gift from Nemelex Xobeh
 10027 | D:9      | Noticed a two-headed ogre
 10035 | D:9      | Killed a two-headed ogre
 10103 | D:9      | Killed a two-headed ogre
 10175 | D:10     | Entered Level 10 of the Dungeon
 10192 | D:10     | Reached skill level 5 in Throwing
 10199 | D:10     | Noticed Erolcha
 10206 | D:10     | Killed Erolcha
 10248 | D:10     | Found Keyxzuwn's Lightly-Used Armoury.
 10284 | D:10     | Noticed a sun demon
 10285 | D:10     | Reached skill level 10 in Long Blades
 10294 | D:10     | Identified the +0 leather armour "Tiru" {rElec rPois Str-2
                  | Int+3}
 10391 | D:10     | Noticed Fannar
 10408 | D:10     | Killed Fannar
 10429 | D:10     | Received a gift from Nemelex Xobeh
 10442 | D:10     | Noticed Erica
 10579 | D:10     | Found an iron altar of Okawaru.
 10580 | D:10     | Found an ornate altar of the Wu Jian Council.
 10589 | D:10     | Reached ***** piety under Nemelex Xobeh
 10814 | Lair:1   | Entered Level 1 of the Lair of Beasts
 10834 | Lair:1   | Found a frozen archway.
 10905 | IceCv    | Entered an ice cave
 10929 | IceCv    | Reached XP level 12. HP: 95/95 MP: 18/18
 11120 | IceCv    | Reached skill level 10 in Stealth
 11244 | IceCv    | Noticed a quicksilver ooze
 11245 | IceCv    | Upgraded the game from 0.30-a0-377-g5cb311bc9f to
                  | 0.30-a0-381-g6ea064c7b4
 11246 | IceCv    | Killed a quicksilver ooze
 11248 | IceCv    | Noticed a quicksilver ooze
 11302 | IceCv    | Killed a quicksilver ooze
 11391 | IceCv    | Noticed a quicksilver ooze
 11400 | IceCv    | Killed a quicksilver ooze
 11562 | IceCv    | Reached skill level 10 in Fighting
 11638 | IceCv    | Reached skill level 1 in Shields
 11673 | IceCv    | Noticed an azure jelly
 11677 | IceCv    | Killed an azure jelly
 11683 | IceCv    | Found a viscous altar of Jiyva.
 11694 | IceCv    | Received a gift from Nemelex Xobeh
 11701 | IceCv    | Got the Secrets of the Glacier
 11703 | IceCv    | Got the +5 sling "Fiduo" {freeze, +Blink rN+ Stlth+}
 11706 | IceCv    | Identified the amulet of the Final Decision {Acrobat rElec}
 11709 | IceCv    | Got Sif Muna's Handbook of the Snowflakes
 11933 | Lair:1   | Reached XP level 13. HP: 96/104 MP: 20/20
 12014 | Lair:1   | Reached skill level 10 in Invocations
 12530 | Lair:1   | Found a runed translucent gate.
 12530 | Lair:1   | Found a runed translucent gate.
 12530 | Lair:1   | Found a runed translucent gate.
 12532 | Lair:1   | Noticed NinjaNoafa's ghost (novice FeSu)
 12785 | Lair:1   | You fall into a shaft and drop 1 floor!
 13208 | Lair:2   | Noticed Amaemon
 13552 | Lair:2   | Found a staircase to the Snake Pit.
 14301 | Lair:2   | Received a gift from Nemelex Xobeh
 14798 | Lair:2   | Identified the +1 leather armour of the Monk {Rampage}
 14874 | Lair:2   | Found a staircase to the Shoals.
 14902 | Lair:2   | Killed Amaemon
 15151 | Lair:3   | Reached XP level 14. HP: 108/113 MP: 22/22
 15219 | Lair:3   | Reached skill level 5 in Shields
 15288 | Lair:3   | Noticed Sonja
 15307 | Lair:3   | Killed Sonja
 15511 | Lair:3   | Found a dark tunnel.
 15541 | Volcano  | Entered a volcano
 16122 | Lair:3   | Received a gift from Nemelex Xobeh
 16414 | Lair:3   | Found a white marble altar of Elyvilon.
 16945 | Lair:4   | Identified the +5 eveningstar of Opnurim {drain, Dex+5}
 17730 | Lair:4   | Received a gift from Nemelex Xobeh
 18066 | Lair:4   | Reached ****** piety under Nemelex Xobeh
 18854 | Lair:5   | Entered Level 5 of the Lair of Beasts
 19154 | Lair:5   | Received a gift from Nemelex Xobeh
 19259 | Lair:5   | Reached XP level 15. HP: 121/121 MP: 24/24
 19718 | Lair:5   | Found a viscous altar of Jiyva.
 19718 | Lair:5   | Found a staircase to the Slime Pits.
 19825 | Lair:5   | Found a runed translucent door.
 19864 | Lair:5   | Reached skill level 10 in Throwing
 19864 | Lair:5   | Reached skill level 15 in Dodging
 20076 | D:8      | Bought a pair of encrusted boots for 313 gold pieces
 20076 | D:8      | Identified the +0 pair of boots "Wacrofea" {rF- rC+ Regen+}
                  | (You bought it in a shop on level 8 of the Dungeon)
 21035 | Lair:5   | Noticed Urug
 21053 | Lair:5   | Urug changed into Urug the redback
 21053 | Lair:5   | Noticed Urug
 21059 | Lair:5   | Killed Urug the redback
 21099 | Lair:5   | Identified the +5 leather armour "Icufiz" {Rampage rN+
                  | rCorr Dex+2}
 21811 | D:10     | Identified a scroll of acquirement
 21875 | D:10     | Killed Erica
 21967 | D:11     | Received a gift from Nemelex Xobeh
 22046 | D:11     | Found a runed translucent gate.
 22060 | D:11     | Found a runed translucent gate.
 22061 | D:11     | Found a runed translucent gate.
 22061 | D:11     | Noticed SirDiesAlot's ghost (journeyman DgFE)
 22097 | D:11     | Noticed Harold
 22115 | D:11     | Killed Harold
 22191 | D:11     | Found a staircase to the Orcish Mines.
 22650 | Orc:1    | Entered Level 1 of the Orcish Mines
 22728 | Orc:2    | Entered Level 2 of the Orcish Mines
 22728 | Orc:2    | Received a gift from Nemelex Xobeh
 22733 | Orc:2    | Noticed an orc warlord
 22739 | Orc:2    | an orc warlord changed into an azure jelly
 22739 | Orc:2    | Noticed an azure jelly
 22743 | Orc:2    | Paralysed by a floating eye for 3 turns
 22746 | Orc:2    | Killed an azure jelly
 22894 | Orc:2    | Found Soix's Jewellery Shop.
 22917 | Orc:2    | Reached XP level 16. HP: 114/131 MP: 25/25
 23182 | Orc:2    | Found Rinesm's Armour Emporium.
 23187 | Orc:2    | Received a gift from Nemelex Xobeh
 23249 | Orc:2    | Found a staircase to the Elven Halls.
 23333 | Orc:2    | Found Yshroungu's General Store.
 23359 | Orc:2    | Found Nyzxunin's Antique Armour Shop.
 23375 | Orc:2    | Found Keakh's Antique Weapon Shop.
 23463 | Orc:2    | Bought a +0 double sword of electrocution for 513 gold
                  | pieces
 23915 | Orc:1    | Found Qianaomn's Magic Scroll Shop.
 23987 | Orc:1    | Found a runed translucent gate.
 23987 | Orc:1    | Found a runed translucent gate.
 23987 | Orc:1    | Found an opulent altar of Gozag.
 23988 | Orc:1    | Found a runed translucent gate.
 24051 | Orc:1    | Noticed Seafoe's ghost (journeyman MiBe)
 24092 | Orc:1    | Killed Seafoe's ghost
 24283 | Orc:2    | Bought a +2 helmet for 231 gold pieces
 24432 | D:9      | Bought a manual of Fighting for 1040 gold pieces
 24986 | D:12     | Found a runed translucent gate.
 24986 | D:12     | Found a runed translucent gate.
 24986 | D:12     | Found a runed translucent gate.
 24991 | D:12     | Noticed Efuan's ghost (journeyman MiFi)
 25011 | D:12     | Found an iron altar of Okawaru.
 25224 | D:12     | Found a runed translucent door.
 25376 | D:13     | Found a portal to a secret trove of treasure.
 25431 | D:13     | Received a gift from Nemelex Xobeh
 25498 | D:13     | Found a gate leading to a gauntlet.
 25525 | Gauntlet | Entered a Gauntlet
 25525 | Gauntlet | Found a transporter.
 25533 | Gauntlet | Found a transporter.
 25535 | Gauntlet | Found a transporter.
 25544 | Gauntlet | Found a transporter.
 25558 | Gauntlet | Found a transporter.
 25563 | Gauntlet | Found a transporter.
 25578 | Gauntlet | Found a transporter.
 25597 | Gauntlet | Found a transporter.
 25609 | Gauntlet | Found a transporter.
 25610 | Gauntlet | Received a gift from Nemelex Xobeh
 25615 | Gauntlet | Found a transporter.
 25630 | Gauntlet | Found a transporter.
 25645 | Gauntlet | Found a transporter.
 25654 | Gauntlet | Found a transporter.
 25671 | Gauntlet | Found a transporter.
 25689 | Gauntlet | Found a transporter.
 25691 | Gauntlet | Found a transporter.
 25718 | Gauntlet | Found a transporter.
 25796 | Gauntlet | Found a transporter.
 26329 | Gauntlet | Identified the +1 scale mail "Oppenaoz" {Will+}
 26329 | Gauntlet | Identified the +9 scimitar of Degur {holy, Dex+10}
 26463 | D:13     | Received a gift from Nemelex Xobeh
 26928 | D:14     | Noticed Lodul
 26936 | D:13     | Killed Lodul
 27035 | D:14     | Noticed Josephine
 27278 | D:14     | Found a gate to the Vaults.
 27327 | D:14     | Found a transporter.
 27329 | D:14     | Found a transporter.
 27354 | D:14     | Found the +8 demon trident "Rift" {distort, reach+}
 27394 | D:14     | Received a gift from Nemelex Xobeh
 27436 | D:14     | Noticed Kirke
 27552 | D:14     | Found a one-way gate to the infinite horrors of the Abyss.
 27552 | D:14     | Noticed Geacs's ghost (journeyman GnWn)
 27553 | D:14     | Found a transporter.
 27590 | D:14     | Found a basalt altar of Yredelemnul.
 27674 | D:14     | Found a transporter.
 27674 | D:14     | Noticed a tentacled starspawn
 27676 | D:14     | Noticed a Hell Sentinel
 27830 | D:14     | Killed Josephine
 27924 | D:14     | Found a sacrificial altar of Ru.
 28125 | D:14     | Identified the +1 falchion "Letercho" {pain, rC+ rCorr}
 28210 | D:15     | Entered Level 15 of the Dungeon
 28317 | D:15     | Reached XP level 17. HP: 140/140 MP: 27/27
 28320 | D:15     | Reached skill level 15 in Fighting
 28331 | D:15     | Found a staircase to the Depths.
 28476 | D:15     | Acquired the +3 eveningstar "Sen Ydd" {elec, *Rage Will++
                  | rCorr}
 28513 | D:15     | Found Fexesil's General Store.
 28923 | D:15     | Reached skill level 15 in Long Blades
 28984 | D:15     | Received a gift from Nemelex Xobeh
 28984 | D:15     | Noticed Jorgrun
 29000 | D:15     | Killed Jorgrun
 29851 | D:6      | Killed Maggie
 30053 | D:11     | Killed SirDiesAlot's ghost
 30054 | D:11     | Reached skill level 10 in Shields
 30095 | D:11     | Upgraded the game from 0.30-a0-381-g6ea064c7b4 to
                  | 0.30-a0-385-gfebfb9b408
 30239 | Shoals:1 | Entered Level 1 of the Shoals
 30314 | Shoals:1 | Received a gift from Nemelex Xobeh
 30754 | Shoals:1 | Noticed a kraken
 30768 | Shoals:1 | Killed a kraken
 31604 | Shoals:2 | Reached skill level 15 in Invocations
 31909 | Shoals:2 | Received a gift from Nemelex Xobeh
 32213 | Shoals:3 | Reached XP level 18. HP: 154/154 MP: 29/29
 32639 | Shoals:3 | Received a gift from Nemelex Xobeh
 32884 | Shoals:4 | Entered Level 4 of the Shoals
 32953 | Shoals:4 | Reached skill level 1 in Armour
 33014 | Shoals:4 | Got the Opusculum on Profane Magic
 33137 | Shoals:4 | Received a gift from Nemelex Xobeh
 33142 | Shoals:4 | Acquired 1338 gold pieces
 33299 | Shoals:4 | Got a barnacled rune of Zot
 33909 | Snake:1  | Entered Level 1 of the Snake Pit
 33918 | Snake:1  | Noticed Azrael
 33922 | Snake:1  | Killed Azrael
 34160 | Snake:1  | Received a gift from Nemelex Xobeh
 34737 | Snake:1  | Received a gift from Nemelex Xobeh
 34963 | Snake:1  | Found a runed translucent door.
 35159 | Snake:2  | Found a bloodstained altar of Trog.
 35166 | Snake:2  | Found a transporter.
 35178 | Snake:2  | Identified the +11 whip of the Pillar {freeze, Will- Int+4
                  | Dex+5}
 35300 | Snake:2  | Received a gift from Nemelex Xobeh
 35310 | Snake:2  | You fall into a shaft and drop 1 floor!
 35310 | Snake:3  | Found Xiwyeget's Book Emporium.
 35310 | Snake:3  | Found Efonkafa's Assorted Antiques.
 35310 | Snake:3  | Found Plog's Weapon Shoppe.
 35310 | Snake:3  | Found Wecres's Book Emporium.
 35377 | Snake:3  | Found a snail-covered altar of Cheibriados.
 35590 | Snake:2  | Received a gift from Nemelex Xobeh
 35603 | Snake:2  | Found a transporter.
 35639 | Snake:2  | Reached XP level 19. HP: 154/166 MP: 31/31
 36060 | Snake:2  | Identified Roxanne's Commentary on the Quarry
 36060 | Snake:2  | Noticed Roxanne
 36133 | Snake:2  | Received a gift from Nemelex Xobeh
 36202 | Snake:2  | Noticed Ehoarro's ghost (adept MiFi)
 36626 | Snake:3  | Found Bauntiy's Magic Scroll Shoppe.
 36642 | Snake:3  | Bought a scroll of blinking for 112 gold pieces
 36642 | Snake:3  | Bought a scroll of blinking for 112 gold pieces
 37179 | Snake:4  | Entered Level 4 of the Snake Pit
 37228 | Snake:4  | Received a gift from Nemelex Xobeh
 37563 | Snake:4  | Noticed Aizul
 38949 | Snake:4  | Killed Aizul
 39396 | Snake:4  | Got a serpentine rune of Zot
 39740 | Vaults:1 | Entered Level 1 of the Vaults
 40181 | Vaults:1 | Received a gift from Nemelex Xobeh
 40376 | Vaults:1 | Noticed Zenata
 40555 | Vaults:1 | Found Zuog's Jewellery Boutique.
 40601 | Vaults:1 | Received a gift from Nemelex Xobeh
 40619 | Vaults:1 | Reached XP level 20. HP: 176/176 MP: 32/32
 40851 | Vaults:1 | Found Zuog's Jewellery Boutique.
 41171 | Vaults:1 | Killed Zenata
 42087 | Vaults:2 | Reached skill level 15 in Shields
 42187 | Vaults:2 | Received a gift from Nemelex Xobeh
 42242 | Vaults:2 | Reached skill level 5 in Armour
 42804 | Vaults:2 | Reached skill level 1 in Evocations
 43139 | Vaults:2 | Received a gift from Nemelex Xobeh
 43714 | Vaults:3 | Received a gift from Nemelex Xobeh
 43741 | Vaults:3 | Noticed Boris
 43760 | Vaults:3 | Killed Boris
 44467 | Vaults:3 | Reached XP level 21. HP: 178/186 MP: 34/34
 44589 | Vaults:3 | Found a staircase to the Crypt.
 45113 | Vaults:4 | Received a gift from Nemelex Xobeh
 45526 | Vaults:4 | Received a gift from Nemelex Xobeh
 45921 | Vaults:4 | Found Kisast's Book Shop.
 45946 | Vaults:4 | Learned a level 2 spell: Blink
 46065 | Vaults:4 | Reached skill level 1 in Translocations
 46241 | Vaults:4 | Received a gift from Nemelex Xobeh
 46687 | D:14     | Killed Kirke
 46721 | Depths:1 | Entered Level 1 of the Depths
 46780 | Depths:1 | You fall into a shaft and drop 1 floor!
 46910 | Depths:2 | Found a one-way gateway to a ziggurat.
 47075 | Depths:1 | Received a gift from Nemelex Xobeh
 47367 | Depths:1 | Noticed Bai Suzhen
 47695 | Depths:1 | Identified the +7 hand axe "Usig" {vorpal, +Blink rF+
                  | rCorr}
 47712 | Depths:1 | Noticed a juggernaut
 47760 | Depths:1 | Killed a juggernaut
 48077 | Depths:1 | Reached XP level 22. HP: 196/196 MP: 36/36
 48465 | Depths:1 | Got Cigotuvi's Book of Remoulded Exhumation
 48483 | Depths:1 | Identified the +3 arbalest "Uppihaej" {penet, Drain rF+ rN+
                  | Will++}
 48543 | Depths:1 | Found a runed translucent gate.
 48543 | Depths:1 | Found a runed translucent gate.
 48543 | Depths:1 | Found a runed translucent gate.
 48544 | Depths:1 | Noticed Hobutago's ghost (adept DsBe)
 49043 | Depths:1 | Found a gateway to Hell.
 49507 | Depths:2 | Identified the +8 long sword of Lisolea {flame, rF+ rC+++
                  | MP+9 Int-2}
 49530 | Depths:2 | Received a gift from Nemelex Xobeh
 49552 | Depths:2 | Reached skill level 5 in Translocations
 49788 | Depths:2 | Found Vobuenti's Book Shoppe.
 49789 | Depths:2 | Found Tounif's Jewellery Shop.
 49789 | Depths:2 | Found Zustyej's Jewellery Shop.
 50388 | Depths:2 | Found a stormy altar of Qazlal.
 50521 | Depths:2 | Found a one-way gate leading to the halls of Pandemonium.
 50701 | Depths:3 | Received a gift from Nemelex Xobeh
 50704 | Depths:3 | Paralysed by a fenstrider witch for 4 turns
 50915 | Depths:3 | Paralysed by a fenstrider witch for 4 turns
 51489 | Depths:3 | Noticed Boris
 51541 | Depths:3 | Killed Boris
 51746 | Depths:3 | Received a gift from Nemelex Xobeh
 51993 | Depths:3 | Acquired 947 gold pieces
 52024 | Depths:3 | Noticed a caustic shrike
 52055 | Depths:3 | Noticed a caustic shrike
 52055 | Depths:3 | Noticed a caustic shrike
 52528 | Depths:3 | Noticed a golden dragon
 52552 | Depths:3 | Killed a golden dragon
 52625 | Depths:3 | Reached XP level 23. HP: 201/205 MP: 37/37
 52646 | Depths:3 | Reached skill level 15 in Throwing
 52674 | Depths:3 | Identified the +3 mace of Dismemberment {vorpal, rC++ Str+2
                  | Int+4}
 53005 | Depths:3 | Noticed a caustic shrike
 53010 | Depths:3 | Noticed a caustic shrike
 53016 | Depths:3 | Killed a caustic shrike
 53019 | Depths:3 | Killed a caustic shrike
 53022 | Depths:3 | Killed a caustic shrike
 53027 | Depths:3 | Killed a caustic shrike
 53028 | Depths:3 | Killed a caustic shrike
 53668 | D:12     | Killed Efuan's ghost
 53701 | D:12     | Identified the +7 longbow of Dotihek {antimagic, rElec
                  | Stlth+}
 54137 | D:12     | Identified the +6 long sword "Zamegosh" {vamp, *Rage rF++
                  | rC+ Stlth+}
 54138 | D:12     | Identified the ring "Hajumooz" {Fire +Blink Str+3 Dex+3
                  | SInv}
 54177 | D:12     | Identified the +2 ring mail of the Snake Pit {-Tele +Inv
                  | rPois Stlth-}
 54391 | Depths:4 | Entered Level 4 of the Depths
 54470 | Depths:4 | Received a gift from Nemelex Xobeh
 54472 | Depths:4 | Noticed a caustic shrike
 54478 | Depths:4 | Killed a caustic shrike
 54479 | Depths:4 | Noticed a caustic shrike
 54479 | Depths:4 | Noticed a caustic shrike
 54480 | Depths:4 | Noticed a caustic shrike
 54489 | Depths:4 | Killed a caustic shrike
 54518 | Depths:4 | Killed a caustic shrike
 54582 | Depths:4 | Killed a caustic shrike
 55183 | Depths:3 | Reached XP level 24. HP: 150/214 MP: 37/37
 55363 | Depths:4 | Found the +0 pair of fencer's gloves {Riposte Dex+3}
 55447 | Depths:4 | Found a gate to the Realm of Zot.
 55653 | Depths:4 | Found a glowing silver altar of Zin.
 56228 | Slime:1  | Entered Level 1 of the Pits of Slime
 56265 | Slime:2  | Received a gift from Nemelex Xobeh
 56325 | Slime:3  | Noticed Dissolution
 56443 | Slime:2  | Killed Dissolution
 56629 | Slime:5  | Entered Level 5 of the Pits of Slime
 56805 | Slime:5  | Received a gift from Nemelex Xobeh
 56890 | Slime:5  | Reached XP level 25. HP: 223/223 MP: 37/37
 57867 | Slime:5  | Received a gift from Nemelex Xobeh
 58166 | Slime:5  | Found a viscous altar of Jiyva.
 58450 | Slime:5  | Noticed the Royal Jelly
 58470 | Slime:5  | Killed the Royal Jelly
 58629 | Slime:5  | Identified the ring of Terra Nullius {rElec rF+ rCorr Str+2
                  | Dex+2}
 58649 | Slime:5  | Found the +7 Spriggan's Knife {stab, EV+4 Stlth+}
 58660 | Slime:5  | Got a slimy rune of Zot
 58693 | Slime:5  | Identified the +4 tower shield "Suaqu" {Rampage rC+}
 58755 | Slime:5  | Identified the ring of Sotus {Fly rF+ Will+ Str-2}
 58921 | Lair:5   | Acquired 1003 gold pieces
 59189 | Snake:1  | Acquired the +3 Elemental Staff {rElec rF++ rC++ AC+5}
 59189 | Snake:1  | Found the +3 Elemental Staff {rElec rF++ rC++ AC+5}
 59487 | Snake:2  | Killed Ehoarro's ghost
 59590 | Snake:2  | Killed Roxanne
 59729 | Lair:1   | Killed NinjaNoafa's ghost
 59887 | Orc:2    | Bought an encrusted scale mail for 315 gold pieces
 59887 | Orc:2    | Identified the +9 scale mail of Uraan {Harm rPois} (You
                  | bought it in a shop on level 2 of the Orcish Mines)
 59887 | Orc:2    | Bought a heavily runed ring mail for 315 gold pieces
 59887 | Orc:2    | Identified the +3 ring mail "Zecoab" {Int+3 Slay+2} (You
                  | bought it in a shop on level 2 of the Orcish Mines)
 59938 | Orc:2    | Bought 2 potions of lignification for 78 gold pieces
 59938 | Orc:2    | Bought a potion of curing for 39 gold pieces
 60054 | D:15     | Bought a scroll of blinking for 142 gold pieces
 60240 | D:14     | Identified the +2 pair of boots of the Land of Plenty
                  | {rCorr Str+4 Dex+4}
 60346 | D:14     | Killed Geacs's ghost
 60868 | D:9      | Bought a manual of Stealth for 1040 gold pieces
 60963 | Elf:1    | Entered Level 1 of the Elven Halls
 60966 | Elf:1    | Reached skill level 5 in Evocations
 61113 | Elf:1    | Received a gift from Nemelex Xobeh
 61746 | Elf:2    | Found Coixzid's Distillery.
 61750 | Elf:2    | Gained mutation: You are partially covered in large bone
                  | plates. (SH +4) [a cacodemon]
 61816 | Elf:2    | Found a runed translucent gate.
 61818 | Elf:2    | Found a runed translucent gate.
 61818 | Elf:2    | Found a runed translucent gate.
 61905 | Elf:2    | Found Ycvuuxip's Book Shoppe.
 62017 | Elf:2    | Received a gift from Nemelex Xobeh
 62134 | Elf:2    | Found Caachil's Weapon Boutique.
 62136 | Elf:2    | Bought a potion of haste for 140 gold pieces
 62724 | Elf:3    | Entered Level 3 of the Elven Halls
 62802 | Elf:3    | Reached XP level 26. HP: 233/233 MP: 38/38
 62868 | Elf:3    | Received a gift from Nemelex Xobeh
 63547 | Elf:3    | Identified the ring "Geasecea" {rCorr Int+6}
 63578 | Elf:3    | Identified the +10 rapier of the Sun {flame, Int+5}
 63582 | Elf:3    | Identified the +12 halberd of Seschusiff {vorpal, rElec}
 63583 | Elf:3    | Identified the +7 battleaxe of the Sybil {speed, rF- MP+9
                  | Dex+3}
 63585 | Elf:3    | Identified the amulet "Koniatin" {Faith Harm Fly}
 63679 | Elf:3    | Identified the +1 longbow of Conflict {drain, rN+ Str+3}
 63683 | Elf:3    | Got Daukleagg's Almanac of Kindling and Mortification
 63692 | Elf:3    | Got the Atlas of the Necrotic Zephyr
 63704 | Elf:3    | Got the Volume of the Alluring Arsonist
 63850 | Elf:2    | Bought the +5 double sword of the Shimmering Saviour {holy,
                  | rElec Str+3} for 939 gold pieces
 64150 | Crypt:1  | Entered Level 1 of the Crypt
 64326 | Crypt:1  | Found an ancient bone altar of Kikubaaqudgha.
 64403 | Crypt:1  | Received a gift from Nemelex Xobeh
 64519 | Crypt:1  | Noticed Sojobo
 64536 | Crypt:1  | Paralysed by an air elemental for 1 turns
 64844 | Crypt:1  | Received a gift from Nemelex Xobeh
 65044 | Crypt:1  | Killed Sojobo
 65122 | Crypt:2  | Noticed Boris
 65132 | Crypt:2  | Killed Boris
 65346 | Crypt:2  | Received a gift from Nemelex Xobeh
 65405 | Crypt:2  | Noticed Vv
 65429 | Crypt:2  | Killed Vv
 65430 | Crypt:2  | Reached skill level 15 in Stealth
 65477 | Crypt:2  | Identified the +3 long sword of the Stoat {protect, rPois}
 65769 | Crypt:3  | Entered Level 3 of the Crypt
 65971 | Crypt:3  | Found a basalt altar of Yredelemnul.
 66161 | Crypt:3  | Reached XP level 27. HP: 242/242 MP: 38/38
 66165 | Crypt:3  | Noticed Boris
 66178 | Crypt:3  | Killed Boris
 66276 | Crypt:3  | Noticed Jory
 66290 | Crypt:3  | Killed Jory
 66367 | Crypt:3  | Found a staircase to the Tomb.
 66387 | Crypt:3  | Received a gift from Nemelex Xobeh
 66671 | Crypt:3  | Got the Tome of Bewitching Toxins
 66724 | Crypt:3  | Identified the +6 glaive of Urgency {venom, *Slow rC+
                  | Str+3}
 66901 | Crypt:3  | Acquired a +2 vampiric demon blade
 67966 | Depths:1 | Killed Bai Suzhen
 68048 | Depths:1 | Killed Hobutago's ghost
 68163 | Depths:1 | Identified the +0 leather armour of Creativity {rPois rF+
                  | Str+4 Dex-3}
 68945 | Snake:3  | Bought a scroll of enchant weapon for 112 gold pieces
 68945 | Snake:3  | Bought a scroll of fog for 60 gold pieces
 68945 | Snake:3  | Bought a scroll of teleportation for 45 gold pieces
 69349 | Vaults:5 | Entered Level 5 of the Vaults
 69352 | Vaults:5 | Noticed Xtahua
 69408 | Vaults:3 | Killed Xtahua
 69489 | Vaults:5 | Received a gift from Nemelex Xobeh
 69989 | Vaults:5 | Identified the ring "Kaummy" {AC+4 Str+4 Int-3 Dex+4}
 70349 | Vaults:5 | Identified the +1 chain mail "Aduife" {rElec}
 70608 | Vaults:5 | Identified the +8 sling "Achar" {vorpal, rElec rF- rN+++
                  | Str-5}
 70695 | Vaults:5 | Identified the ring of Nuk Ukh {rPois rC+ Will+ rCorr}
 70754 | Vaults:5 | Got a silver rune of Zot
 70776 | Vaults:5 | Acquired the +9 sword of Zonguldrok {reap}
 70776 | Vaults:5 | Found the +9 sword of Zonguldrok {reap}
 70811 | Vaults:5 | Identified the +2 robe of Beogh's Delight {Harm}
 70828 | Vaults:5 | Noticed an ancient lich
 70839 | Vaults:5 | Killed an ancient lich
 70892 | Vaults:5 | Identified the +3 falchion of the Girdle {flame, Dex+5}
 70894 | Vaults:5 | Identified the +1 chain mail of the Valley of Death
                  | {Slay+2}
 70897 | Vaults:5 | Got Sif Muna's Omnibus of Forceful Transformation
 70900 | Vaults:5 | Identified the +7 plate armour "Izysak Quetu" {Str+6}
 70974 | Vaults:5 | Noticed a dread lich
 70983 | Vaults:5 | Killed a dread lich
 71050 | Vaults:5 | Identified the +8 spear "Guqedewn" {protect, rC+ Str-2
                  | Dex+2}
 71051 | Vaults:5 | Identified the +3 great mace "Riqijeg" {elec, SInv}
 71537 | Orc:1    | Bought a scroll of teleportation for 39 gold pieces
 71537 | Orc:1    | Bought a scroll of immolation for 52 gold pieces
 71710 | D:7      | Bought 2 scrolls of summoning for 209 gold pieces
 71710 | D:7      | Bought 2 scrolls of immolation for 88 gold pieces
 71710 | D:7      | Bought a scroll of fear for 44 gold pieces
 71710 | D:7      | Bought a scroll of fear for 44 gold pieces
 71786 | D:7      | Bought a potion of mutation for 120 gold pieces
 71786 | D:7      | Bought a potion of invisibility for 120 gold pieces
 71786 | D:7      | Bought a potion of cancellation for 120 gold pieces
 71786 | D:7      | Bought a potion of mutation for 120 gold pieces
 71786 | D:7      | Bought 2 potions of ambrosia for 240 gold pieces
 72294 | Snake:3  | Bought a scroll of teleportation for 111 gold pieces
 72294 | Snake:3  | Bought a potion of curing for 111 gold pieces
 72294 | Snake:3  | Bought a potion of heal wounds for 185 gold pieces
 72629 | Zot:1    | Entered Level 1 of the Realm of Zot
 72629 | Zot:1    | Found the ring of Shadows {Umbra +Inv Stlth+}
 72634 | Zot:1    | Identified the +10 double sword "Undertaker" {vorpal, Fly
                  | Will+}
 72667 | Zot:1    | Found a transporter.
 72677 | Zot:1    | Found a transporter.
 72687 | Zot:1    | Received a gift from Nemelex Xobeh
 72923 | Zot:1    | Reached skill level 10 in Armour
 73145 | Zot:1    | Found a transporter.
 73161 | Zot:1    | Received a gift from Nemelex Xobeh
 73278 | Zot:1    | Found a transporter.
 73824 | Zot:2    | Noticed Buusaloph's ghost (veteran TrCK)
 73851 | Zot:2    | Found a runed translucent door.
 73895 | Zot:2    | Received a gift from Nemelex Xobeh
 74133 | Zot:2    | Found a radiant altar of Vehumet.
 74485 | Zot:2    | Noticed an orb of fire
 74494 | Zot:2    | Gained mutation: You are frail. (-10% HP) [an orb of fire]
 74510 | Zot:2    | Gained mutation: Potions are less effective at restoring
                  | your health. [an orb of fire]
 74515 | Zot:2    | Lost mutation: Potions are less effective at restoring your
                  | health. [an orb of fire]
 74529 | Zot:2    | Killed an orb of fire
 75047 | Zot:2    | Killed Buusaloph's ghost
 75100 | Zot:2    | Identified the +2 hat of Disaster {Will+}
 75104 | Zot:2    | Got the Spellbook of the Lithosphere
 75209 | Zot:3    | Received a gift from Nemelex Xobeh
 75491 | Zot:3    | Reached skill level 27 in Fighting
 76159 | Zot:3    | Received a gift from Nemelex Xobeh
 76715 | Zot:4    | Identified the +6 scale mail "Seyd" {Drain rPois Int+6}
 76939 | Zot:4    | Received a gift from Nemelex Xobeh
 77216 | Zot:5    | Entered Level 5 of the Realm of Zot
 77247 | Zot:5    | Noticed an orb of fire
 77252 | Zot:5    | Gained mutation: You are dopey. (Int -2) [an orb of fire]
 77275 | Zot:5    | Gained mutation: You sometimes lose your temper in combat.
                  | [an orb of fire]
 77281 | Zot:5    | Killed an orb of fire
 77386 | Zot:4    | Lost mutation: You are partially covered in large bone
                  | plates. (SH +4) [potion of mutation]
 77386 | Zot:4    | Lost mutation: You sometimes lose your temper in combat.
                  | [potion of mutation]
 77386 | Zot:4    | Gained mutation: Your magical capacity is low. (-10% MP)
                  | [potion of mutation]
 77386 | Zot:4    | Lost intelligence.
 77386 | Zot:4    | Gained mutation: You are very dopey. (Int -4) [potion of
                  | mutation]
 77389 | Zot:4    | Lost mutation: You are very dopey. (Int -4) [potion of
                  | mutation]
 77389 | Zot:4    | Lost mutation: You are frail. (-10% HP) [potion of
                  | mutation]
 77389 | Zot:4    | Lost mutation: Your magical capacity is low. (-10% MP)
                  | [potion of mutation]
 77389 | Zot:4    | Lost mutation: You are dopey. (Int -2) [potion of mutation]
 77389 | Zot:4    | Gained mutation: You are frail. (-10% HP) [potion of
                  | mutation]
 77389 | Zot:4    | Gained mutation: You have a pair of small horns on your
                  | head. [potion of mutation]
 77390 | Zot:4    | Lost mutation: You have a pair of small horns on your head.
                  | [potion of mutation]
 77390 | Zot:4    | Lost mutation: You are frail. (-10% HP) [potion of
                  | mutation]
 77390 | Zot:4    | Gained mutation: You are somewhat resistant to further
                  | mutation. [potion of mutation]
 78239 | Zot:5    | Noticed an ancient lich
 78239 | Zot:5    | Noticed an orb of fire
 78353 | Zot:5    | Received a gift from Nemelex Xobeh
 78353 | Zot:5    | Noticed an ancient lich
 78353 | Zot:5    | Noticed a dread lich
 78353 | Zot:5    | Noticed an orb of fire
 78354 | Zot:5    | Noticed a dread lich
 78504 | Zot:5    | Reached skill level 27 in Invocations
 78640 | Zot:5    | Gained mutation: Your body sometimes deteriorates upon
                  | taking damage. [an orb of fire]
 78656 | Zot:5    | Killed an orb of fire
 78746 | Zot:5    | Noticed an ancient lich
 78758 | Zot:5    | Killed an ancient lich
 78805 | Zot:5    | Killed an ancient lich
 79117 | Zot:5    | Killed an orb of fire
 79132 | Zot:5    | Killed a dread lich
 79133 | Zot:5    | Reached skill level 15 in Armour
 79238 | Zot:5    | Paralysed by a dread lich for 2 turns
 79246 | Zot:5    | Killed a dread lich
 79462 | Zot:5    | Lost mutation: Your body sometimes deteriorates upon taking
                  | damage. [potion of mutation]
 79462 | Zot:5    | Lost mutation: You are somewhat resistant to further
                  | mutation. [potion of mutation]
 79462 | Zot:5    | Gained mutation: You are agile. (Dex +4, Str/Int -1)
                  | [potion of mutation]
 79462 | Zot:5    | Gained mutation: Your movements are slightly less
                  | encumbered by armour. (ER -2) [potion of mutation]
 79462 | Zot:5    | Gained mutation: You are weak. (Str -2) [potion of
                  | mutation]
 79462 | Zot:5    | Gained mutation: You have sharp fingernails. [potion of
                  | mutation]
 79536 | Zot:5    | Got the Orb of Zot
 79727 | Depths:3 | Noticed a seraph
 79773 | Depths:1 | Noticed Yby Jear the pandemonium lord
 80143 | D:$      | Escaped with the Orb!

Illustrated notes

Levels and vault maps discovered:
D:1:      reono_arrival_mine, layout_basic
D:2:      layout_basic
D:3:      kennysheep_big_flooded_room, layout_basic, serial_shops,
          nicolae_shop_hallway_plus, nrook_campfire, minmay_misc_feat_cross
D:4:      gammafunk_steamed_eel, layout_rooms, grunt_temple_overflow_open,
          minmay_temple_entry_stoned_glass
D:5:      layout_loops_ring, uniq_pikel
D:6:      layout_layer_cave, uniq_grinder, uniq_maggie, uniq_sigmund,
          uniq_edmund, uniq_prince_ribbit1
D:7:      layout_layer_cave, mainiacjoe_overflow_paths,
          fedhas_bush_and_centaur_altar, elyvilon_altar_5, serial_shops,
          shop_statue, nicolae_shop_hallway_stairs, nicolae_shop_trees,
          nicolae_shop_stone, minmay_fractal_squares_5
D:8:      layout_basic, mainiacjoe_overflow_brackets, serial_shops,
          nicolae_shop_hallway_plus
D:9:      layout_stronghold, led_sif_book, lair_entry_dummy, enter_bailey_2,
          nicolae_shop_self_help
D:10:     minmay_stone_box, layout_cave_pools, mainiacjoe_overflow_divided_tiny,
          minmay_shop_damaged, grunt_ministairs_1, uniq_erica, uniq_fannar,
          uniq_erolcha
D:11:     layout_big_octagon, david_orc_3, gammafunk_ghost_split, serial_rivers,
          chequers_serial_rivers_small_b, chequers_serial_rivers_large_b,
          chequers_serial_rivers_small_b, chequers_serial_rivers_room_a,
          chequers_serial_rivers_micro_d, chequers_serial_rivers_small_a,
          chequers_arboretum, uniq_harold
D:12:     layout_loops_ring, gammafunk_ghost_fury_of_okawaru, minmay_crystal_box
D:13:     layout_roguey, nicolae_trove_entry_isolated, gauntlet_entry_generic,
          minivault_1
D:14:     gammafunk_beogh_shrine, layout_stronghold,
          grunt_vaults_entry_fortified, gammafunk_ghost_abyssal_escape,
          nicolae_ru_awakened_eye, serial_glass, glass_columns_c,
          glass_columns_c, yredelemnul_altar_generic, uniq_kirke, uniq_lodul,
          uniq_josephine
D:15:     hangedman_depths_entry_civil_slaughter, layout_small_grid,
          serial_shops, shop, minmay_misc_feat_alley, uniq_jorgrun
Temple:   cyrus_temple_forest
Lair:1:   layout_cave_pods, ebering_ghost_rock_garden,
          portal_ice_cave_entry_ice_simulacra, st_stairs_7, minmay_holes,
          minivault_24, beast_lair_carwin_6
Lair:2:   layout_gridlike, minmay_shoals_entry_hut,
          minmay_snake_entry_six_corridors, lemuel_fruit_tree,
          grunt_megastairs_5, uniq_amaemon
Lair:3:   cheibrodos_lair_river_kwai, layout_loops_ring, special_room
          [special_room_mythical_zoo], basic_altar, enter_volcano_3,
          kilobyte_rumbling_trees, uniq_sonja
Lair:4:   layout_concentric_octagons, minmay_lair_drake_nest
Lair:5:   hangedman_lair_in_review, layout_hall_layers, wormcave, slime_entry_1,
          serial_bayou_crossing, infiniplex_staircase_pool, uniq_urug
Shoals:1: layout_shoals
Shoals:2: cheibrodos_shoals_three_sisters, layout_shoals,
          nicolae_shoals_lost_giant_temple
Shoals:3: layout_shoals, nicolae_shoals_siren_and_animal_friends
Shoals:4: shoals_end_grunt_garden, layout_shoals
Snake:1:  layout_chambers, lightli_airlock, uniq_azrael
Snake:2:  layout_honeycomb, gammafunk_ghost_wrathful_warriors, st_stairs_5,
          uniq_roxanne
Snake:3:  layout_layer_cave, basic_altar, serial_shops,
          nicolae_shop_window_shopping, st_stairs_9, minmay_shoptagon
Snake:4:  minmay_snake_end_coiled, layout_grid_shapes, uniq_aizul
Slime:1:  layout_caves
Slime:2:  layout_caves
Slime:3:  layout_caves, dissolution_awaits
Slime:4:  layout_caves
Slime:5
Orc:1:    layout_caves, serial_shops, shop, ebering_ghost_gozag,
          hellmonk_bongcloud_opening
Orc:2:    grunt_orc_cross, layout_caves, special_room, basic_altar,
          serial_shops, shop, minmay_orc_keep
Elf:1:    eino_elf_arrival_shootout, layout_loops_ring,
          minmay_elf_crystal_heptagon
Elf:2:    nicolae_elf_blades_crystal_corner, layout_gridlike, serial_shops,
          nicolae_shop_bloodbath_and_beyond, shop, shop,
          nicolae_elf_stone_circles
Elf:3:    minmay_elf_hall_statues, layout_rooms
Vaults:1: v_alt_pattern_4, nicolae_vaults_network_square,
          ontoclasm_vaults_misaligned, hangedman_vaults_maws, vaults_room_boxed,
          nicolae_vaults_asterisk, vaults_room_pool, vaults_room_stairs_pillars,
          vaults_room_hallway, ontoclasm_vaults_pinch,
          nicolae_vaults_angled_halls, nicolae_vaults_circle_grid_a,
          vaults_room_pool, layout_vaults_big_room, serial_shops,
          nicolae_shop_window_shopping, uniq_zenata
Vaults:2: v_misc_8, v_misc_11, ontoclasm_vaults_eye, vaults_dpeg_diagonal,
          st_spiral_rooms, nicolae_vaults_three_branches, v_misc_25,
          nicolae_vaults_bisected_slash, v_misc_23, vaults_mumra_chevron,
          nicolae_vaults_angled_halls, ontoclasm_vaults_misaligned,
          nicolae_vaults_what_the_h, v_misc_13, layout_vaults_maze_snakey
Vaults:3: minmay_crypt_entry_simple_round, vaults_room_octagon, v_misc_30,
          nicolae_vaults_theta, grunt_vaults_hallway_long,
          nicolae_vaults_asterisk, hangedman_vaults_restitches,
          grunt_vaults_bifocal, layout_vaults_omnigrid, uniq_boris
Vaults:4: nicolae_vaults_network_barrier, nicolae_vaults_yaktaur_gun_rack,
          grunt_vaults_hallway_long, nicolae_vaults_ring_of_whatevers,
          nicolae_vaults_diagonal_hallway_8, v_pattern_3, v_misc_10,
          hangedman_vaults_corner_blocks, v_rooms_3,
          nicolae_vaults_specimen_jars, v_misc_27, nicolae_vaults_asterisk,
          vaults_room_hangedman_quadrants, nicolae_vaults_rhombus_6,
          layout_vaults_big_cross, serial_shops, nicolae_shop_stone
Vaults:5: uniq_xtahua
Crypt:1:  layout_gridlike, basic_altar, uniq_sojobo
Crypt:2:  layout_catacombs, uniq_vv
Crypt:3:  grunt_crypt_end_deaths_head
Depths:1: minmay_the_grid_plus [minmay_the_grid_box_x,
          minmay_the_grid_aliased_spiral, minmay_the_grid_all_tris,
          minmay_the_grid_tiny_cups, minmay_the_grid_prize_trominoes],
          layout_gridlike, biasface_ghost_demon_polymorph, lightli_too_deep,
          kennysheep_generic_room_15, uniq_bai_suzhen
Depths:2: minmay_bubble_buster, layout_honeycomb, enter_ziggurat_f, pan_entry,
          pf_coc_iceberg, minmay_room_of_horrors,
          nicolae_qazlal_style_of_elements, minmay_shop_grove
Depths:3: four-leaf_vault, layout_cave_pools, hell_entry,
          rand_demon_pan_entry_1, hangedman_decor_slide_cut,
          abyss_entry_glasseish, nicolae_concentric_dashed_squares_wild
Depths:4: evilmike_zot_entry_diamond, layout_gridlike, hell_entry,
          chequers_serial_rivers_large_a, abyss_entry, nicolae_wwwww,
          zin_statuary
Zot:1:    layout_basic, grunt_ministairs_7, nicolae_transporter_intersection,
          grunt_megastairs_1
Zot:2:    lemuel_firehouse, layout_cathedral_of_symmetry, basic_altar,
          hellmonk_ghost_big_iron
Zot:3:    kennysheep_oblong_rooms, layout_gridlike, zot_minivault_1
Zot:4:    layout_misc_corridors, hangedman_zot_decor_unnerving_road,
          st_small_dragon_hoard_2, st_stairs_11, grunt_ministairs_6
Zot:5:    layout_misc_corridors, kennysheep_underground_church

Skill      XL: |  1  2  3  4  5  6  7  8  9 10 11 12 13 14 15 16 17 18 19 20 21 22 23 24 25 26 27 |
---------------+----------------------------------------------------------------------------------+-----
Stealth        | 1 2 4 5 7 8 9 10 12 15 20 | 20.0
Long Blades    | 4 5 6 7 8 9 10 11 12 13 14 16 | 16.0
Fighting       | 3 4 6 7 8 9 10 11 12 13 14 17 19 20 21 22 23 24 25 27 | 27.0
Invocations    | 1 3 5 6 7 8 9 11 12 13 14 15 16 17 19 20 21 22 23 27 | 27.0
Dodging        | 5 6 7 9 10 11 12 13 14 15 16 18 19 20 | 20.0
Throwing       | 4 5 7 8 9 10 11 12 13 14 15 16 17 18 20 | 20.0
Shields        | 2 4 6 8 9 10 11 14 15 16 | 16.8
Armour         | 3 5 6 7 15 | 15.0
Evocations     | 3 4 6 8 |  8.0
Translocations | 4 6 7 8 9 |  9.8

Action                   |  1- 3 |  4- 6 |  7- 9 | 10-12 | 13-15 | 16-18 | 19-21 | 22-24 | 25-27 || total
-------------------------+-------+-------+-------+-------+-------+-------+-------+-------+-------++-------
Melee: Long sword        |    90 |    81 |       |       |       |       |       |       |       ||   171
       Short sword       |       |    88 |   257 |    52 |       |       |       |       |       ||   397
       Dagger            |       |       |    66 |    16 |       |       |       |       |       ||    82
       Tailslap          |       |       |     4 |       |    10 |    50 |       |    26 |     4 ||    94
       Falchion          |       |       |       |   164 |    14 |       |       |       |       ||   178
       Scimitar          |       |       |       |    84 |   430 |    21 |       |       |       ||   535
       Demon whip        |       |       |       |       |     6 |       |       |       |       ||     6
       Double sword      |       |       |       |       |       |   772 |   940 |   679 |  2105 ||  4496
       Eveningstar       |       |       |       |       |       |       |     7 |     8 |       ||    15
       Quick blade       |       |       |       |       |       |       |       |       |   125 ||   125
 Fire: Sling             |       |       |       |       |   333 |   101 |    87 |   104 |    39 ||   664
Throw: Javelin           |       |     2 |     4 |     4 |     3 |     1 |    28 |    20 |    25 ||    87
       Throwing net      |       |       |     1 |       |       |       |       |       |       ||     1
       Dart              |       |       |       |    10 |       |       |       |       |       ||    10
       Boomerang         |       |       |       |     5 |     1 |       |       |       |       ||     6
Invok: Draw Destruction  |       |     6 |     6 |     8 |    16 |     9 |    27 |     8 |    12 ||    92
       Draw Summoning    |       |       |     3 |     4 |     1 |     5 |     6 |     2 |     9 ||    30
       Draw Escape       |       |       |     2 |     1 |       |       |     1 |       |       ||     4
       Draw Stack        |       |       |       |       |       |     1 |     2 |     3 |     4 ||    10
       Stack Five        |       |       |       |       |       |     1 |       |     1 |     1 ||     3
       Deal Four         |       |       |       |       |       |       |     2 |     1 |     2 ||     5
       Triple Draw       |       |       |       |       |       |       |       |       |     4 ||     4
Evoke: Wand              |       |       |       |     8 |       |       |       |       |       ||     8
       Condenser vane    |       |       |       |       |       |     1 |       |       |     3 ||     4
  Use: Scroll            |       |       |    14 |     1 |    12 |    12 |     6 |     5 |    30 ||    80
       Potion            |       |       |     1 |       |       |       |     3 |     9 |    21 ||    34
 Stab: Sleeping          |     4 |     8 |     8 |     1 |       |     7 |     1 |     1 |    21 ||    51
       Distracted        |       |     1 |       |     4 |     2 |     5 |     7 |     7 |    41 ||    67
       Petrified         |       |       |       |       |       |     7 |       |       |       ||     7
Armor: Leather armour    |    29 |    41 |    74 |    41 |    71 |   127 |   163 |   120 |   144 ||   810
Dodge: Dodged            |   106 |    83 |   210 |   203 |   391 |   700 |   718 |   563 |  1031 ||  4005
Block: Buckler           |       |     5 |    38 |    37 |    47 |       |       |       |       ||   127
       Kite shield       |       |       |       |       |   185 |   458 |   580 |    94 |       ||  1317
       Tower shield      |       |       |       |       |       |    60 |   261 |   624 |  2251 ||  3196
       Reflection        |       |       |       |       |       |       |    45 |       |       ||    45
       Rpst.: Double sword |       |       |       |       |       |       |       |    50 |   767 ||   817
       Eveningstar       |       |       |       |       |       |       |       |     8 |       ||     8
       Quick blade       |       |       |       |       |       |       |       |       |     6 ||     6

Table legend: (Time is in decaauts)
 A = Elapsed time spent in this place.
 B = Non-inter-level travel time spent in this place.
 C = Inter-level travel time spent in this place.
 D = Time resting spent in this place.
 E = Time spent auto-exploring this place.
 F = Levels seen in this place.
 G = Mean time per level.
                   A        B        C        D        E       F      G
               +--------+--------+--------+--------+--------+-----+--------+
         Total |  78715 |  63559 |  15156 |   6684 |  36332 |  60 | 1311.9 |
       Dungeon |  19951 |  14533 |   5418 |   1394 |   9233 |  15 | 1330.1 |
        Temple |    393 |    360 |     33 |    196 |     68 |   1 |  393.0 |
          Lair |  10881 |   8234 |   2647 |   1077 |   4418 |   5 | 2176.2 |
        Shoals |   2911 |   2747 |    164 |     63 |   1743 |   4 |  727.8 |
     Snake Pit |   6539 |   5538 |   1001 |    541 |   3355 |   4 | 1634.8 |
    Slime Pits |   2240 |   1668 |    572 |    532 |    285 |   5 |  448.0 |
  Orcish Mines |   2021 |   1410 |    611 |     74 |    962 |   2 | 1010.5 |
   Elven Halls |   3060 |   2627 |    433 |     87 |   1724 |   3 | 1020.0 |
        Vaults |   9294 |   7944 |   1350 |    963 |   4783 |   5 | 1858.8 |
         Crypt |   3115 |   2554 |    561 |    100 |   1610 |   3 | 1038.3 |
        Depths |   8911 |   7241 |   1670 |    842 |   3967 |   4 | 2227.8 |
           Zot |   6860 |   6167 |    693 |    668 |   3418 |   5 | 1372.0 |
        Bailey |    488 |    488 |      0 |      4 |    130 |   1 |  488.0 |
      Ice Cave |    899 |    899 |      0 |     75 |    322 |   1 |  899.0 |
       Volcano |    316 |    316 |      0 |     65 |     11 |   1 |  316.0 |
      Gauntlet |    829 |    829 |      0 |      0 |    300 |   1 |  829.0 |
               +--------+--------+--------+--------+--------+-----+--------+

Top non-repeatable levels by time:
Depths:1: 3131 daAuts
  Lair:5: 2731 daAuts
  Lair:1: 2728 daAuts
 Snake:4: 2386 daAuts
Depths:2: 2192 daAuts
Depths:3: 2192 daAuts
   Zot:5: 2165 daAuts
Vaults:1: 2136 daAuts
     D:9: 2111 daAuts
     D:7: 2107 daAuts
    D:14: 2037 daAuts
  Lair:4: 1992 daAuts
     D:6: 1888 daAuts
Vaults:3: 1834 daAuts
Vaults:5: 1827 daAuts
